 Dungeon Crawl Stone Soup version 0.25.0-46-gbd7b0854d2 (webtiles) character file.

Game seed: 6117112923536738601

35 Descartes the Sneak (level 3, 0/15 HPs)
             Began as a Felid Transmuter on July 12, 2020.
             Slain by an adder (2 damage)
             ... on level 1 of the Dungeon.
             The game lasted 00:02:16 (1280 turns).

Descartes the Sneak (Felid Transmuter)              Turns: 1280, Time: 00:02:16

Health: 0/15       AC:  1    Str:  7    XL:     3   Next: 16%
Magic:  7/7        EV: 18    Int: 14    God:
Gold:   108        SH:  0    Dex: 16    Spells: 5/6 levels left
                                        Lives:  0   Deaths: 0

rFire    . . .     SeeInvis +     - Unarmed
rCold    . . .     Gourm    .   (shield unavailable)
rNeg     . . .     Faith    .   (armour unavailable)
rPois    .         Spirit   .   (helmet unavailable)
rElec    .         Reflect  .   (cloak unavailable)
rCorr    .         Harm     .   (gloves unavailable)
MR       .....                  (boots unavailable)
Stlth    +++.......             (no amulet)
HPRegen  0.05/turn              (no ring)
MPRegen  0.10/turn              (no ring)

@: quick
A: very small, no armour, no weapons or thrown items, stealth, claws 1, fangs 3,
see invisible, carnivore, speed 1, shaggy fur 1, slow metabolism 1, sharp paws
a: no special abilities


You were on level 1 of the Dungeon.
You were completely stuffed.

You visited 1 branch of the dungeon, and saw 2 of its levels.

You collected 108 gold pieces.

Inventory:

Missiles
 a - 33 arrows
 k - 63 stones
Jewellery
 i - a cursed ring of teleportation {unknown}
 o - an uncursed ring of fire
Scrolls
 d - 2 scrolls of fog {unknown}
 e - 2 scrolls of identify {unknown}
 h - a scroll of amnesia {unknown}
 j - 2 scrolls of remove curse {unknown}
 m - a scroll of fear {unknown}
 n - a scroll of teleportation {unknown}
Potions
 b - a potion of lignification {unknown}
 f - a potion of curing {unknown}
 g - a potion of brilliance {unknown}
Comestibles
 c - 4 rations
 l - 5 chunks of flesh


   Skills:
 - Level 1.0 Fighting
 - Level 2.6 Dodging
 + Level 4.3 Stealth
 - Level 3.0 Unarmed Combat
 - Level 2.0 Spellcasting
 - Level 2.1 Transmutations


You had 5 spell levels left.
You knew the following spells:

 Your Spells              Type           Power        Failure   Level  Hunger
a - Beastly Appendage     Tmut           #.....       10%         1    ##.....

Your spell library contained the following spells:

 Spells                   Type           Power        Failure   Level  Hunger
 Sticks to Snakes         Tmut           #.......     14%         2    ###....
 Spider Form              Tmut/Pois      #.........   41%         3    ####...
 Ice Form                 Ice/Tmut       #.......     83%         4    #####..
 Blade Hands              Tmut           #.........   95%         5    ######.


Dungeon Overview and Level Annotations

Branches:
Dungeon (2/15)

Altars:


Innate Abilities, Weirdness & Mutations

You cannot wear armour.
You are incapable of wielding weapons or throwing items.
Your paws allow you to move quietly. (Stealth)
You have sharp claws.
You have razor-sharp teeth.
You have supernaturally acute eyesight. (SInv)
You are carnivorous and can eat meat at any time.
You cover ground quickly.
You are covered in fur. (AC +1)
You have a slow metabolism.
Your sharp claws are effective at attacking unaware monsters.


Message History

You miss the adder. You claw the adder, but do no damage.
The adder is heavily wounded.
The adder closely misses you.
Things that are here:
a +0 club; a hobgoblin skeleton You feel sick.
You see here a mace.
Your horns disappear.
You feel sick.
There is a stone staircase leading up here.
The adder misses you. The adder bites you.
* * * LOW HITPOINT WARNING * * *
You climb upwards.
There is a stone staircase leading down here.
You scratch the adder.
The adder is severely wounded.
You feel sick.
You are no longer poisoned.
The adder bites you.
You die...

#..........##....## ##.....#
#...)...#.........## ##..#....
#.......#..###.....###...#.#.#
#.......#>...#.≈≈≈≈≈≈≈≈.≈≈≈≈≈≈
####.#######.#.≈####≈≈≈.≈≈≈###
#....#....#.≈#<.####'####.∩
##.#.#.###..≈#..'.......'..
#.#.#.###.#≈##'####+####'#
#.#...#.S@.≈≈#.#.......#.#
#.##.##...#≈≈#.#...8...#.#
##.##.##...#≈≈#.'.#####.'.#
#..##.##...#≈≈#.#...8...#.#
#.###.##....≈≈#.#.......#.#
#.###.##.#.#≈##+####+####+#
#.##.#.#.#.#≈#..'.......'..
#.#.###.....≈#>.####'####.8
#.##.#.#....≈####≈≈≈.≈≈≈###


You could see an adder.

Vanquished Creatures
  3 leopard geckos
  2 bats (D:1)
  4 giant cockroaches
  2 goblins (D:1)
  7 hobgoblins
  3 frilled lizards
  4 kobolds (D:1)
  2 rats
27 creatures vanquished.

Notes
Turn   | Place    | Note
-------+----------+-------------------------------------------
     0 | D:1      | Descartes the Felid Transmuter began the quest for the Orb.
     0 | D:1      | Reached XP level 1. HP: 9/9 MP: 4/4
    76 | D:1      | Reached skill level 1 in Stealth
   256 | D:1      | Reached skill level 2 in Stealth
   578 | D:1      | Reached XP level 2. HP: 12/12 MP: 6/6
   625 | D:1      | Reached skill level 3 in Stealth
   990 | D:2      | Reached skill level 4 in Stealth
  1058 | D:2      | Reached XP level 3. HP: 9/15 MP: 5/7
  1280 | D:1      | Slain by an adder

Illustrated notes

Levels and vault maps discovered:
D:1:      heliophobic_arrival_glass_houses, layout_loops_ring,
          serial_bayou_ford_a
D:2:      layout_rooms, xom_redecorated, nicolae_dithmenos_shadow_blocks

Skill      XL: |  1  2 |
---------------+-------+-----
Stealth        | 2 4 |  4.3
Fighting       | |  1.0
Dodging        | |  2.6
Unarmed Combat | |  3.0
Spellcasting   | |  2.0
Transmutations | |  2.1

Action                   || total
-------------------------++-------
Melee: Unarmed           ||    77
       Bite              ||     5
       Headbutt          ||     5
       Punch             ||     2
 Cast: Beastly Appendage ||    13
 Stab: Sleeping          ||     6
  Eat: Chunk             ||     8
Armor: Skin              ||     6
Dodge: Dodged            ||    65
